 Dungeon Crawl Stone Soup version 0.25.0-10-g039870ee82 (console) character file.

Game seed: 4561192308749004068

58 bli the Slasher (level 3, -4/33 HPs)
             Began as a Draconian Monk on June 22, 2020.
             Slain by Sigmund
             ... wielding a +2 scythe of freezing
              (6 damage)
             ... on level 2 of the Dungeon.
             The game lasted 00:05:32 (1851 turns).

bli the Slasher (Draconian Monk)                    Turns: 1851, Time: 00:05:33

Health: -4/33      AC:  7    Str: 10 (13) XL:     3   Next: 76%
Magic:  3/3        EV: 13    Int:  7 (10) God:
Gold:   134        SH:  0    Dex: 12 (14) Spells: 2/2 levels left

rFire    . . .     SeeInvis .   a - +0 falchion
rCold    . . .     Gourm    .   (no shield)
rNeg     . . .     Faith    .   (armour unavailable)
rPois    .         Spirit   .   (helmet restricted)
rElec    .         Reflect  .   k - +0 cloak
rCorr    .         Harm     .   (no gloves)
MR       .....                  h - +0 pair of boots
Stlth    +.........             (no amulet)
HPRegen  0.11/turn              (no ring)
MPRegen  0.08/turn              (no ring)

@: confused, slowed, very slow
A: unfitting armour, cold-blooded, AC +5
a: no special abilities


You were on level 2 of the Dungeon.
You were not hungry.

You visited 1 branch of the dungeon, and saw 2 of its levels.

You collected 134 gold pieces.

Inventory:

Hand Weapons
 a - a +0 falchion (weapon)
Missiles
 e - 5 boomerangs (quivered)
Armour
 h - a +0 pair of boots (worn)
 k - a +0 cloak (worn)
Scrolls
 g - 4 scrolls of identify {unknown}
 j - 2 scrolls of teleportation {unknown}
Potions
 c - 3 potions of degeneration
 i - a potion of resistance {unknown}
 l - a potion of curing {unknown}
Comestibles
 b - 4 rations
 f - 3 chunks of flesh


   Skills:
 * Level 4.0 Fighting
 + Level 4.0 Long Blades
 + Level 3.0 Dodging
 + Level 1.7 Stealth


You had 2 spell levels left.
You didn't know any spells.
Your spell library was empty.

Dungeon Overview and Level Annotations

Branches:
Dungeon (2/15)

Altars:

Annotations:
D:2 Sigmund


Innate Abilities, Weirdness & Mutations

Your plain brown scales are hard. (AC +5)
You cannot fit into any form of body armour.
You are cold-blooded and may be slowed by cold attacks.


Message History

The magic dart hits you but does no damage.
The worm misses you. The leopard gecko barely misses you. Something hits you!
Something freezes you.
You hit something.
The leopard gecko bites you but does no damage.
You hit something.
Your tail-slap misses something.
The leopard gecko barely misses you.
You hear some strange, mumbled words.
A magic dart appears from out of thin air!
The magic dart hits you. The worm bites you.
You miss something. The leopard gecko bites you. Something hits you!
* * * LOW HITPOINT WARNING * * *
You feel yourself slow down. Something freezes you.
* * * LOW HITPOINT WARNING * * *
The leopard gecko barely misses you. The worm misses you.
Some of the chunks of flesh in your inventory have rotted away.
You hit the worm.
The worm is lightly wounded.
The leopard gecko bites you.
* * * LOW HITPOINT WARNING * * *
Something hits you.
You die...

##########
#........#
######.######.#
#.........###.#
#.####.##.##..## #.#
#.##..l...##### ##
#.# #.###..@{.#...
..# #.# #.#
##.w..#.######.# #.#
#.# ##.........##.#
#.#
#........##.###.##.#
#.#
#######.###.###.##.#
#.# #+# #........##
#.### #####.w...#
#...# ####.## ##..#
#..# #####...####
#...# ...........+
...?.w


You could see a worm and a leopard gecko.

Vanquished Creatures
  A worm (D:2)
  3 dart slugs
  A leopard gecko (D:1)
  A giant cockroach (D:1)
  9 goblins
  2 hobgoblins (D:1)
  8 jackals (D:1)
  3 kobolds
  A ball python (D:1)
  10 bats
  3 frilled lizards
  3 rats
45 creatures vanquished.

Notes
Turn   | Place    | Note
-------+----------+-------------------------------------------
     0 | D:1      | bli the Draconian Monk began the quest for the Orb.
     0 | D:1      | Reached XP level 1. HP: 19/19 MP: 1/1
    34 | D:1      | Reached XP level 2. HP: 9/26 MP: 2/2
   972 | D:1      | Reached XP level 3. HP: 33/33 MP: 3/3
  1811 | D:2      | Noticed Sigmund
  1851 | D:2      | Slain by Sigmund

Illustrated notes

Levels and vault maps discovered:
D:1:      sevenhm_arrival_forest_fort_small_3, layout_basic, minmay_pentomino_q4
D:2:      layout_loops_corners, first_ration, dk_noncrumbling_4, uniq_sigmund

Skill      XL: |  1  2  3 |
---------------+----------+-----
Dodging        | 3 |  3.0
Long Blades    | 4 |  4.0
Fighting       | 4 |  4.0
Stealth        | |  1.7

Action                   || total
-------------------------++-------
Melee: Falchion          ||   141
       Tailslap          ||    12
  Use: Potion            ||     2
 Stab: Sleeping          ||     6
  Eat: Chunk             ||     3
Armor: Skin              ||    43
Dodge: Dodged            ||   119
       Rpst.: Falchion   ||    26
